 Dungeon Crawl Stone Soup version 0.31-a0-662-g684573625c (webtiles) character file.

Game seed: 10594299549595579972

79 Ofeo the Changeling (level 4, 0/42 HPs)
             Began as an Octopode Shapeshifter on Aug 31, 2023.
             Slain by Terence
             ... wielding a +0 trident
              (9 damage)
             ... on level 2 of the Dungeon.
             The game lasted 00:01:20 (1123 turns).

Ofeo the Changeling (Octopode Shapeshifter)         Turns: 1123, Time: 00:01:20

Health: 0/42       AC: 22    Str: 13    XL:     4   Next: 37%
Magic:  4/4        EV:  2    Int: 12    God:
Gold:   74         SH:  0    Dex: 13    Spells: 3/3 levels left

rFire   . .          .
                       - Unarmed
rCold   . . .        (no shield)
rNeg    . . .        (helmet currently unavailable)
rPois   +            (no amulet)
rElec   .            (no ring)
rCorr   .            (no ring)
SInv    .            (no ring)
Will    .....        (no ring)
Stlth   +            (no ring)
HPRegen 0.27/turn    (no ring)
MPRegen 0.09/turn    (no ring)
                     (no ring)

%: no passive effects
@: tree-form
A: stationary, stasis, torment immunity, boosted hp, almost no armour,
(amphibious), 8 rings, (camouflage 1), (gelatinous body 1), (nimble swimmer 1),
(tentacles)
a: no special abilities


You were on level 2 of the Dungeon.
You were a tree.
You visited 1 branch of the dungeon, and saw 2 of its levels.

You collected 74 gold pieces.

Inventory:

Talismans
 b - a beast talisman
 c - a flux talisman
Scrolls
 a - a scroll of poison {unknown}
 f - a scroll of identify {unknown}
 g - a scroll of amnesia {unknown}
 i - a scroll of teleportation {unknown}
 j - a scroll of fog {unknown}
Potions
 h - a potion of heal wounds {unknown}
 q - a potion of curing {@q1}


   Skills:
 - Level 1.0 Fighting
 - Level 2.0 Dodging
 - Level 3.0 Unarmed Combat
 + Level 4.8 Shapeshifting


You had 3 spell levels left.
You didn't know any spells.
Your spell library contained the following spells:

 Spells                   Type           Power      Damage    Failure   Level
 Blink                    Tloc           0%         N/A       45%         2
 Lesser Beckoning         Tloc           0%         N/A       45%         2
 Momentum Strike          Conj/Tloc      0%         3d8       45%         2


Dungeon Overview and Level Annotations

Branches:
Dungeon (2/15)

Altars:

Annotations:
D:2 Terence


Innate Abilities, Weirdness & Mutations

You are a tree.
Your roots penetrate the ground, keeping you stationary.
You cannot be teleported.
You are immune to unholy pain and torment.
Your maximum health is greatly increased.
You cannot wear most types of armour.
((You are amphibious.))
You can wear up to eight rings at the same time.
((Your skin changes colour to match your surroundings (Stealth+).))
((Your rubbery body absorbs attacks. (AC +1, EV +1)))
((You are camouflaged when in or above water. (Stealth+)))
((You have tentacles for arms and can constrict up to eight enemies at once.))


Message History

An endoplasm is nearby!
There are monsters nearby!
You tentacle-slap the endoplasm.
You kill the endoplasm!
Found an escape hatch in the floor.
You tentacle-slap the goblin.
You kill the goblin!
No target in view!
No target in view!
No target in view!
No target in view!
No target in view!
No target in view!
Terence the Incautious comes into view.
He is wielding a +0 trident.
Terence shouts!
Terence moves out of view.
There is an escape hatch in the floor here.
Terence is nearby!
You tentacle-slap Terence but do no damage.
You grab Terence.
You constrict Terence, but do no damage.
Terence hits you with a +0 trident!
You take 10 damage, and have 18/28 hp.
MASSIVE DAMAGE!!
Okay, then.
You tentacle-slap Terence but do no damage.
You constrict Terence, but do no damage.
Terence hits you with a +0 trident.
You take 4 damage, and have 14/28 hp.
You tentacle-slap Terence. You squeeze Terence, but do no damage.
Terence is moderately wounded.
You constrict Terence. Terence hits you with a +0 trident!
* * * LOW HITPOINT WARNING * * *
You take 8 damage, and have 6/28 hp.
MASSIVE DAMAGE!!
Press: ? - help, v - describe, . - travel
Here: Terence, wielding a +0 trident and wearing a +0 scale mail (moderately wounded, constricted by you)
The floor, spattered with blood.
Your transformation has ended.
You turn into a tree.
Your roots penetrate the ground.
You lose your grip on Terence.
Terence hits you with a +0 trident!
You die...

#..#........#.######..##
## #........#.####.#)..#
#.....##...........#####
#....###................
#......#.......#########
#....#.......### #
#.##)...######.>..
...........>####.#.
#......#.##♣.# ..##.
##........@#.....# #.
##....#.#.
...#.....#######
##...#.###..##
#......... #...... .).
#.#..... #?.!#.. ##..
.#....... #. ### ##.
......... ## #....†.
#...†..


You could see Terence.

Vanquished Creatures
  Natasha (D:2)
  2 adders (D:2)
  A worm (D:2)
  A dart slug (D:1)
  2 endoplasms
  3 giant cockroaches
  2 goblins
  6 hobgoblins
  2 quokkas (D:1)
  3 ball pythons (D:1)
  2 bats (D:2)
  A frilled lizard (D:1)
  3 kobolds (D:1)
  3 rats
32 creatures vanquished.

Notes
Turn   | Place    | Note
-------+----------+-------------------------------------------
     0 | D:1      | Ofeo the Octopode Shapeshifter began the quest for the Orb.
     0 | D:1      | Reached XP level 1. HP: 13/13 MP: 1/1
   144 | D:1      | Reached XP level 2. HP: 17/18 MP: 2/2
   447 | D:1      | Found a faded altar of an unknown god.
   748 | D:2      | Reached skill level 4 in Shapeshifting
   748 | D:2      | Reached XP level 3. HP: 22/23 MP: 3/3
   824 | D:2      | Noticed Natasha
   831 | D:2      | Killed Natasha
   834 | D:2      | Reached XP level 4. HP: 12/28 MP: 4/4
  1117 | D:2      | Noticed Terence
  1123 | D:2      | Slain by Terence

Illustrated notes

Levels and vault maps discovered:
D:1:      dpeg_arrival_three_same_balls, layout_rooms,
          shapermc_ecumenical_altar_notcrosses
D:2:      layout_rooms, uniq_natasha, uniq_crazy_yiuf_cottage, uniq_terence

Skill      XL: |  1  2 |
---------------+-------+-----
Shapeshifting  | 4 |  4.8
Fighting       | |  1.0
Dodging        | |  2.0
Unarmed Combat | |  3.0

Action                     |  1- 3 |  4- 6 || total
---------------------------+-------+-------++-------
  Melee: Unarmed           |    46 |    18 ||    64
         Constrict         |     9 |     4 ||    13
         Tentacles         |     5 |     2 ||     7
         Punch             |     2 |       ||     2
    Use: Potion            |       |     3 ||     3
   Stab: Sleeping          |     3 |     1 ||     4
 Armour: Skin              |    15 |    18 ||    33
  Dodge: Dodged            |    28 |    16 ||    44

Table legend: (Time is in decaauts)
 A = Elapsed time spent in this place.
 B = Non-inter-level travel time spent in this place.
 C = Inter-level travel time spent in this place.
 D = Time resting spent in this place.
 E = Time spent auto-exploring this place.
 F = Levels seen in this place.
 G = Mean time per level.
                   A        B        C        D        E       F      G
               +--------+--------+--------+--------+--------+-----+--------+
         Total |   1119 |   1083 |     36 |    105 |    786 |   2 |  559.5 |
       Dungeon |   1119 |   1083 |     36 |    105 |    786 |   2 |  559.5 |
               +--------+--------+--------+--------+--------+-----+--------+

Top non-repeatable levels by time:
     D:1: 772 daAuts
     D:2: 347 daAuts
